Unix NetHack Version 5.0.0-0 post-release - last build May 17 2026 04:57:42 (dc50c8380fa5e20985bfe3072449f57b8d9895ef,branch:main).

Game began 2026-05-21 15:30:01, ended 2026-05-21 15:41:26.

Brudee, neutral female human Tourist

                       @############
                       %           ##################  ----------------
                      ##..                    #########...............|
                         ...                  #        |..............|
                          !)|                          |............%.|
                          ..|                          |........>.....|
                          ---                          ----------------

Brudee the Sightseer        St:14 Dx:11 Co:18 In:11 Wi:10 Ch:11  Neutral S:690
Dlvl:5  $:511 HP:0(34) Pw:19(19) AC:3  Xp:4/110 T:1380 

Latest messages:
 In what direction? h
 You destroy the dwarf zombie!
 The fox bites!
 You kill the fox!
 In what direction? h
 a - a +2 dart (at the ready) (16 in total).
 The gnome lord hurls a swirly potion!
 The jar crashes on your head and breaks into shards.
 The swirly potion evaporates.
 You feel somewhat dizzy.
 Call a swirly potion: confusion
 You feel less confused now.
 In what direction? b
 The dart misses the gnome lord.
 In what direction? b
 The dart misses the gnome lord.
 In what direction? b
 You kill the gnome lord!
 a - 2 +2 darts (at the ready) (15 in total).
 a - 2 +2 darts (at the ready) (17 in total).
 You see here a gnome lord corpse.
 The hobbit swings his sling.
 The hobbit hits!
 a - a +2 dart (at the ready) (18 in total).
 In what direction? j
 The dart hits the dwarf zombie.
 The dwarf zombie hits!
 In what direction? j
 You destroy the dwarf zombie!
 In what direction? j
 In what direction? j
 In what direction? j
 In what direction? j
 In what direction? j
 You hear a nearby zap.
 The bolt of fire whizzes by you!
 The bolt of fire bounces!
 The bolt of fire whizzes by you!
 In what direction? j
 The dart misses.
 You hear a nearby zap.
 The bolt of fire hits you!
 Your scroll labeled TEMOV catches fire and burns!
 Your scroll labeled READ ME catches fire and burns!
 You die...
 Do you want your possessions identified? [ynq] (y) y
 Do you want to see your attributes? [ynq] (y) y
 Do you want an account of creatures vanquished? [ynaq] (y) y
 Do you want to see your conduct and achievements? [ynq] (y) y
 Do you want to see the dungeon overview? [ynq] (y) q

Inventory:
 Coins    ('$')
  $ - 511 gold pieces
 Weapons  (')')
  o - 11 cursed +1 ya
  J - a +0 sling
  a - 10 +2 darts (at the ready)
  w - a +0 dart
 Armor    ('[')
  y - an uncursed +0 orcish helm (being worn)
  L - a cursed +0 orcish helm
  I - an uncursed +0 dwarvish cloak
  k - an uncursed +0 Hawaiian shirt with a hibiscus flower motif (being worn)
  M - an uncursed +0 dwarvish mithril-coat (being worn)
 Comestibles  ('%')
  g - 4 uncursed slime molds
  f - an uncursed candy bar labeled "Chocolate Nuggie"
  b - 8 uncursed food rations
  C - an uncursed pancake
  c - an uncursed tripe ration
  d - an uncursed homemade tin of lichen
  e - an uncursed tin of deep fried lichen
 Scrolls  ('?')
  O - a cursed scroll of identify
  j - 3 uncursed scrolls of magic mapping
  x - an uncursed scroll of scare monster
 Spellbooks  ('+')
  u - an uncursed spellbook of detect monsters
  s - an uncursed spellbook of invisibility
 Potions  ('!')
  i - a blessed potion of extra healing
  h - 2 uncursed potions of extra healing
  D - a blessed potion of healing
  t - 3 uncursed potions of healing
  K - an uncursed potion of object detection
  A - an uncursed potion of water
 Rings    ('=')
  N - an uncursed ring of warning
 Wands    ('/')
  F - a wand of opening (0:7)
  v - a wand of sleep (0:5)
 Tools    ('(')
  m - an uncursed credit card
  l - an expensive camera (0:41)
  n - a magic marker (0:22)
  r - a cursed tallow candle
 Gems/Stones  ('*')
  p - 2 cursed worthless pieces of violet glass
  q - a cursed worthless piece of white glass
  H - 2 uncursed flint stones

Brudee the Tourist's attributes:

Background:
 You were a Sightseer, a level 4 female human Tourist.
 You were neutral, nominally on a mission for The Lady
 who was opposed by Blind Io (lawful) and Offler (chaotic).
 You were right-handed.
 You were in the Dungeons of Doom, on level 5.
 You entered the dungeon 1380 turns ago.
 You had 110 experience points, 50 more were needed to attain level 5.
 Your score was 690 before end-of-game adjustments.

Basics:
 You had 0 out of 34 hit points.
 You had all 19 energy points (spell power).
 Your armor class was 3.
 Your wallet contained 511 zorkmids.
 Autopickup was on for '$!=+?/"' plus thrown.

Final Characteristics:
 Your strength was 14 (limit:18/100).
 Your dexterity was 11 (limit:18).
 Your constitution was 18 (limit:18).
 Your intelligence was 11 (limit:18).
 Your wisdom was 10 (limit:18).
 Your charisma was 11 (limit:18).

Final Status:
 You weren't hungry.
 You were unencumbered.
 You were bare handed.
 You were unskilled in bare handed combat.

Final Attributes:
 You were devoutly aligned.
 You were guarded.
 You are dead.

Miscellaneous:
 You didn't encounter any bones levels.
 Total elapsed playing time was 11 minutes and 24 seconds.

Major events:
 Turn
    1: Brudee the neutral female human Tourist entered the dungeon
  973: attained the rank of Sightseer (level 3)
 1255: entered the Gnomish Mines
 1380: killed by a bolt of fire zapped by a hobbit

You didn't know any spells.

Skills:
 Fighting Skills
   bare handed combat [Unskilled]
   two weapon combat  [Unskilled]
   riding             [Unskilled]
 Weapon Skills
   dagger             [Unskilled]
   knife              [Unskilled]
   axe                [Unskilled]
   pick-axe           [Unskilled]
   short sword        [Unskilled]
   broadsword         [Unskilled]
   long sword         [Unskilled]
   two-handed sword   [Unskilled]
   saber              [Unskilled]
   mace               [Unskilled]
   morning star       [Unskilled]
   flail              [Unskilled]
   hammer             [Unskilled]
   quarterstaff       [Unskilled]
   polearms           [Unskilled]
   spear              [Unskilled]
   trident            [Unskilled]
   lance              [Unskilled]
   bow                [Unskilled]
   sling              [Unskilled]
   crossbow           [Unskilled]
   dart               [Basic]
   shuriken           [Unskilled]
   boomerang          [Unskilled]
   whip               [Unskilled]
   unicorn horn       [Unskilled]
 Spellcasting Skills
   divination spells  [Unskilled]
   enchantment spells [Unskilled]
   escape spells      [Unskilled]

Voluntary challenges:
 Character rerolling was not enabled.
 You were an atheist.
 You never hit with a wielded weapon.
 You never genocided any monsters.
 You never polymorphed an object.
 You never changed form.
 You used no wishes.
Achievements:
 You entered a shop.
 You attained the rank of Sightseer.
 You entered the Gnomish Mines.

 The Dungeons of Doom: levels 1 to 6
    Level 1:
    Level 2:
    Level 3:
       A general store.
    Level 4:
       Stairs down to The Gnomish Mines.
    Level 5: <- You were here.
       Final resting place for
          you, killed by a bolt of fire zapped by a hobbit.
    Level 6:
 The Gnomish Mines:
    Level 5:


Vanquished creatures:
  a gnome leader
  a giant ant
  2 dwarf zombies
  2 hobbits
  a giant rat
  a yellow mold
  a gecko
  2 jackals
  a fox
  a kobold
  3 goblins
  3 grid bugs
  a bat
  a lichen
  4 newts
25 creatures vanquished.

No species were genocided or became extinct.

Game over:
                       ----------
                      /          \
                     /    REST    \
                    /      IN      \
                   /     PEACE      \
                  /                  \
                  |      Brudee      |
                  |      511 Au      |
                  | killed by a bolt |
                  |  of fire zapped  |
                  |   by a hobbit    |
                  |                  |
                  |       2026       |
                 *|     *  *  *      | *
        _________)/\\_//(\/(/\)/\//\/|_)_______

Aloha Brudee the Tourist...

You died in The Dungeons of Doom on dungeon level 5 with 690 points,
and 511 pieces of gold, after 1380 moves.
You were level 4 with a maximum of 34 hit points when you died.

